 Dungeon Crawl Stone Soup version 0.26-a0-651-gb41185065b (webtiles) character file.

Game seed: 547167167412422886

297887 Conn the Eclecticist (level 20, -11/128 HPs)
             Began as an Octopode Hedge Wizard on Sept 29, 2020.
             Was a High Priest of Sif Muna.
             Mangled by a large slime creature (42 damage)
             ... on level 2 of the Pits of Slime.
             The game lasted 05:49:31 (65600 turns).

Conn the Eclecticist (Octopode Hedge Wizard)       Turns: 65600, Time: 05:49:32

Health: -11/128    AC:  3    Str: 17    XL:     20   Next: 95%
Magic:  54/60      EV: 18    Int: 27    God:    Sif Muna [*****.]
Gold:   5677       SH: 14    Dex: 13    Spells: 9/55 levels left

rFire    + . .     SeeInvis +   b - +10 falchion of the Iron City of Dis {vorpal, MP+9 Str+4 Int+2 Dex+3}
rCold    + + +     Faith    .   T - +3 buckler "Pinyopiu" {+Blink rC+++ rN+++ Dex-2}
rNeg     + + +     Spirit   .   U - +2 hat of Purpose {MR+ Str+7 Int-3}
rPois    +         Reflect  +   g - amulet of Fedhas's Supremacy {Reflect +Inv rPois rF- Str-4 SH+5}
rElec    .         Harm     .   n - +6 ring of intelligence
rCorr    +         Rampage  .   H - ring "Parih" {rPois rCorr}
MR       ++...                  m - ring of Midnight {rF+ rC+ rN+ MR-}
Stlth    ++++++....             K - ring of wizardry
HPRegen  0.31/turn              J - ring of fire
MPRegen  0.37/turn              A - ring of magical power
                                t - ring of protection from magic
                                y - ring "Rieddoch" {rN++ SInv}

@: swift, quick
A: almost no armour, stealthy swim, amphibious, 8 rings, constrict 8, camouflage
1, cold resistance 1, dopey 1, mutation resistance 1, screaming 1, gelatinous
body 1
}: 2/15 runes: decaying, gossamer
a: Channel Magic, Forget Spell, Divine Exegesis, Renounce Religion, Evoke Blink,
Evoke Invisibility


You were on level 2 of the Pits of Slime.
You worshipped Sif Muna.
Sif Muna was extremely pleased with you.
You visited 8 branches of the dungeon, and saw 37 of its levels.
You also visited: Ice Cave and Volcano.

You collected 6595 gold pieces.
You spent 918 gold pieces at shops.

Inventory:

Hand Weapons
 a - a +8 short sword of electrocution
 b - the +10 falchion of the Iron City of Dis (weapon) {vorpal, MP+9 Str+4 Int+2 Dex+3}
   (You bought it in a shop on level 2 of the Orcish Mines)

   It inflicts extra damage upon your enemies.
   It affects your strength (+4).
   It affects your intelligence (+2).
   It affects your dexterity (+3).
   It affects your magic capacity (+9).
 X - the +0 falchion "Dragon's Tongue" {drain, +Rage rPois MP+9 Int+3}
   (You bought it in a shop on level 15 of the Dungeon)

   A truly terrible weapon, it drains the life of those it strikes.
   It affects your intelligence (+3).
   It protects you from poison.
   It affects your magic capacity (+9).
   It lets you go berserk.
Missiles
 v - 2 throwing nets (quivered)
Armour
 k - a +2 hat
 T - the +3 buckler "Pinyopiu" (worn) {+Blink rC+++ rN+++ Dex-2}
   (You acquired it in a volcano)

   It affects your dexterity (-2).
   It renders you almost immune to cold.
   It renders you almost immune to negative energy.
   It lets you blink.
 U - the +2 hat of Purpose (worn) {MR+ Str+7 Int-3}
   (You acquired it in a volcano)

   It affects your strength (+7).
   It affects your intelligence (-3).
   It affects your resistance to hostile enchantments.
Magical Staves
 C - an uncursed staff of poison
Jewellery
 d - an uncursed amulet of magic regeneration
 g - the amulet of Fedhas's Supremacy (around mantle) {Reflect +Inv rPois rF- Str-4 SH+5}
   (You took it off a deep elf mage on level 3 of the Elven Halls)

   [amulet of reflection]

   It shields you and reflects attacks.
   It affects your strength (-4).
   It makes you vulnerable to fire.
   It protects you from poison.
   It lets you turn invisible.
   It affects your SH (+5).
 m - the ring of Midnight (on tentacle) {rF+ rC+ rN+ MR-}
   (You acquired it on level 12 of the Dungeon)

   [ring of protection from fire]

   It protects you from fire.
   It protects you from cold.
   It protects you from negative energy.
   It affects your resistance to hostile enchantments.
 n - a +6 ring of intelligence (left tentacle)
 t - a ring of protection from magic (on tentacle)
 y - the ring "Rieddoch" (on tentacle) {rN++ SInv}
   (You found it on level 3 of the Elven Halls)

   [ring of see invisible]

   It greatly protects you from negative energy.
   It lets you see invisible.
 A - a ring of magical power (on tentacle)
 D - a +6 ring of strength
 H - the ring "Parih" (right tentacle) {rPois rCorr}
   (You found it on level 3 of the Spider Nest)

   [ring of resist corrosion]

   It protects you from poison.
   It provides partial protection from all sources of acid and corrosion.
 J - a ring of fire (on tentacle)
 K - a ring of wizardry (on tentacle)
 L - an uncursed ring of protection from magic
 N - an uncursed ring of poison resistance
 P - a +4 ring of evasion
 V - an uncursed ring of ice
 Y - an uncursed ring of magical power
Wands
 i - a wand of paralysis (13)
 x - a wand of acid (51)
 W - a wand of digging (5)
Scrolls
 c - 14 scrolls of remove curse
 e - 26 scrolls of identify
 h - 15 scrolls of teleportation
 l - 8 scrolls of fog
 q - a scroll of immolation
 r - 3 scrolls of summoning
 u - 2 scrolls of amnesia
 B - 2 scrolls of magic mapping
Potions
 j - 9 potions of flight
 p - 17 potions of brilliance
 s - 3 potions of curing
 w - 4 potions of cancellation
 I - 8 potions of might
 M - a potion of haste
 R - 4 potions of resistance
 S - 4 potions of berserk rage
 Z - 2 potions of ambrosia


   Skills:
 + Level 8.4 Fighting
 + Level 8.2(10.3) Short Blades
 + Level 10.0(11.1) Long Blades
   Level 1.1 Maces & Flails
   Level 0.1 Polearms
 + Level 0.7 Throwing
 + Level 8.3 Dodging
 - Level 12.1 Stealth
 - Level 9.1 Shields
 + Level 18.3 Spellcasting
 + Level 14.5 Conjurations
   Level 2.7 Summonings
 - Level 7.9 Translocations
 - Level 2.6 Transmutations
 * Level 10.9 Fire Magic
 - Level 6.4 Air Magic
 + Level 5.9 Earth Magic
 - Level 5.6 Poison Magic
 - Level 5.2 Invocations
 - Level 6.7 Evocations


You had 9 spell levels left.
You knew the following spells:

 Your Spells              Type           Power        Failure   Level
a - Magic Dart            Conj           ####         0%          1
b - Blink                 Tloc           N/A          1%          2
c - Dispersal             Tloc           ######....   4%          6
d - Orb of Destruction    Conj           #######...   1%          7
f - Mephitic Cloud        Conj/Pois/Air  ######..     1%          3
g - Ozocubu's Armour      Ice            ####....     2%          3
h - Fireball              Conj/Fire      #######...   1%          5
i - Petrify               Tmut/Erth      #####...     1%          4
j - Airstrike             Air            ######....   1%          4
k - Swiftness             Air            ######..     1%          2
l - Iskenderun's Mystic   Conj/Tloc      ######..     1%          4
m - Bolt of Magma         Conj/Fire/Erth #######...   1%          5

Your spell library contained the following spells:

 Spells                   Type           Power        Failure   Level
 Foxfire                  Conj/Fire      ####         0%          1
 Searing Ray              Conj           ######       0%          2
 Animate Skeleton         Necr           ###...       1%          1
 Apportation              Tloc           ######       1%          1
 Beastly Appendage        Tmut           #####.       1%          1
 Corona                   Hex            ###....      1%          1
 Freeze                   Ice            ####         1%          1
 Pain                     Necr           ###.         1%          1
 Sandblast                Erth           ######       1%          1
 Shock                    Conj/Air       ####         1%          1
 Sting                    Tmut/Pois      ####         1%          1
 Call Imp                 Summ           #####...     1%          2
 Corpse Rot               Necr/Air       N/A          1%          2
 Passwall                 Tmut/Erth      #####...     1%          2
 Poisonous Vapours        Pois/Air       ######       1%          2
 Slow                     Hex            ###.....     1%          2
 Sublimation of Blood     Necr           ###.......   1%          2
 Wereblood                Tmut           #####...     1%          2
 Call Canine Familiar     Summ           #####...     1%          3
 Conjure Flame            Conj/Fire      #######.     1%          3
 Gell's Gravitas          Tloc           ######....   1%          3
 Ignite Poison            Fire/Tmut/Pois ######..     1%          3
 Inner Flame              Hex/Fire       ######..     1%          3
 Portal Projectile        Hex/Tloc       #####.       1%          3
 Spider Form              Tmut/Pois      #####.....   1%          3
 Static Discharge         Conj/Air       ######..     1%          3
 Stone Arrow              Conj/Erth      ######       1%          3
 Fulminant Prism          Conj/Hex       ######....   1%          4
 Hailstorm                Conj/Ice       ######..     1%          4
 Olgreb's Toxic Radiance  Pois           ######..     1%          4
 Sticky Flame             Conj/Fire      #######.     1%          4
 Summon Lightning Spire   Summ/Air       #####...     1%          4
 Irradiate                Conj/Tmut      ######....   1%          5
 Iskenderun's Battlesphe  Conj           #######.     1%          5
 Lee's Rapid Deconstruct  Erth           ######....   1%          5
 Lightning Bolt           Conj/Air       ######....   1%          5
 Conjure Ball Lightning   Conj/Air       ######....   1%          6
 Iron Shot                Conj/Erth      ######....   1%          6
 Starburst                Conj/Fire      #######...   1%          6
 Confusing Touch          Hex            ###.....     2%          3
 Frozen Ramparts          Ice            ####..       2%          3
 Vampiric Draining        Necr           ###.......   2%          3
 Leda's Liquefaction      Hex/Erth       #####.....   2%          4
 Summon Forest            Summ/Tloc      ######....   2%          5
 Alistair's Intoxication  Tmut/Pois      #####....    3%          5
 Ice Form                 Ice/Tmut       ####....     4%          4
 Summon Ice Beast         Ice/Summ       ####....     4%          4
 Borgnjor's Vile Clutch   Necr/Erth      #####.....   6%          5
 Silence                  Hex/Air        #####.....   6%          5
 Freezing Cloud           Conj/Ice/Air   ######....   6%          6
 Blade Hands              Tmut           #####.....   7%          5
 Animate Dead             Necr           ###.......   8%          4
 Cause Fear               Hex            ###.......   8%          4
 Dispel Undead            Necr           ###.....     8%          4
 Summon Mana Viper        Hex/Summ       ####....     12%         5
 Yara's Violent Unravell  Hex/Tmut       ####......   12%         5
 Statue Form              Tmut/Erth      #####....    19%         6
 Agony                    Necr           ###.....     21%         5
 Excruciating Wounds      Necr           ###.......   21%         5
 Metabolic Englaciation   Hex/Ice        ####......   21%         5
 Shadow Creatures         Summ           N/A          34%         6
 Chain Lightning          Conj/Air       ######....   52%         8
 Malign Gateway           Summ/Tloc      ######....   54%         7
 Lehudib's Crystal Spear  Conj/Erth      ######....   56%         8
 Ozocubu's Refrigeration  Ice            ####......   69%         6
 Death Channel            Necr           ###.......   71%         6
 Disjunction              Tloc           ######....   86%         8
 Haunt                    Necr/Summ      ####......   96%         7
 Fire Storm               Conj/Fire      #######...   98%         9
 Borgnjor's Revivificati  Necr           ###.......   100%        8
 Discord                  Hex            ###.......   100%        8
 Infestation              Necr           ###.......   100%        8
 Necromutation            Tmut/Necr      ####......   100%        8
 Summon Horrible Things   Summ           #####.....   100%        8
 Death's Door             Necr           ###.......   100%        9
 Shatter                  Erth           ######....   100%        9


Dungeon Overview and Level Annotations

Branches:
Dungeon (15/15)            Temple (1/1) D:4            Lair (6/6) D:9
  Swamp (4/4) Lair:4       Spider (4/4) Lair:3        Slime (2/5) Lair:5
    Orc (2/2) D:9             Elf (3/3) Orc:2        Vaults (0/5) D:14
 Depths (0/5) D:15          IceCv (visited)         Volcano (visited)

Altars:
Ashenzari
Cheibriados
Dithmenos
Elyvilon
Fedhas
Gozag
Hepliaklqana
Kikubaaqudgha
Makhleb
Nemelex Xobeh
Okawaru
Qazlal
Ru
Sif Muna
Trog
Uskayaw
Vehumet
Wu Jian
Xom
Yredelemnul
The Shining One
Beogh

Shops:
D:6 !   D:15 (   Orc:1 !   Orc:2 !!(}?

Portals:
Abyss: Lair:4
Trove: Elf:1 (give horn of Geryon)

Annotations:
Lair:4 2 transporters, Jocoan's ghost, journeyman VSTm


Innate Abilities, Weirdness & Mutations

You cannot wear most types of armour.
You are very stealthy in the water. (Stealth+)
You are amphibious.
You can wear up to eight rings at the same time.
You can use your tentacles to constrict eight enemies at once.
Your skin changes colour to match your surroundings (Stealth+).
Your rubbery body absorbs attacks. (AC +1, EV +1)
Your flesh is cold resistant. (rC+)
You are dopey. (Int -2)
You are somewhat resistant to further mutation.
You occasionally shout uncontrollably at your foes.


Message History

Confirm with . or Enter, or press ? or * to list all spells.
You feel quick.
You climb downwards.
You shout at the eye of draining! 2 slime creatures and an eye of draining come into view.
The eye of draining turns its gaze towards you.
The slime creature quivers.
An enormous slime creature splits.
The slime creature hits you! You block the slime creature's attack.
The enormous slime creature barely misses you.
You block the large slime creature's attack.
A large slime creature splits.
The slime creature misses you. The eye of draining gazes at you.
You feel your power leaking away.
There is a stone staircase leading up, spattered with blood here.
Two slime creatures merge to form a large slime creature.
The slime creature hits you!! The enormous slime creature hits you!!!
Ouch! That really hurt!
* * * LOW HITPOINT WARNING * * *
The large slime creature hits you!!!
You die...

##.................#
#...........<......#
#..........G.......
#.##...J.#.....J.>.
.....J.............
#.##JJ#............
# ##.#GJ...##.....
###.JJJ...#...#..#
#...J@J...........
#.....JJJ.......
........J........
.#.###..#...... #
###....... #......
..#.# #####


You could see an acid blob, a great orb of eyes, an enormous slime creature, 2
very large slime creatures, 5 large slime creatures, 5 slime creatures and an
eye of draining.

Vanquished Creatures
  Mara (Swamp:3)
  Arachne (Spider:2)
  The ghost of rtg the Hoplite, an adept MiFi of Okawaru (Elf:3)
  Rupert (Lair:5)
  2 tentacled monstrosities
  3 deep elf blademasters (Elf:3)
  3 acid blobs (Slime:1)
  4 deep elf master archers (Elf:3)
  Agnes (Spider:2)
  4 thorn hunters
  Gastronok (D:9)
  Donald (Spider:1)
  Kirke (Lair:4)
  A fire giant (D:14)
  3 deep elf sorcerers (Elf:3)
  4 emperor scorpions
  6 ghost moths
  The ghost of Casep the Unseen, an adept KoGl of Dithmenos (D:14)
  A frost giant (IceCv)
  7 deep elf elementalists
  An ironheart preserver (D:14)
  4 entropy weavers
  A very ugly thing (Swamp:4)
  2 deep elf demonologists (Elf:3)
  3 deep elf annihilators (Elf:3)
  A red draconian (Volcano)
  Azrael (Spider:2)
  2 spark wasps (Spider:4)
  A death ooze (Slime:1)
  6 deep elf death magi (Elf:3)
  2 green deaths (Swamp:4)
  2 fire dragons
  2 ogre magi (D:15)
  An ettin (D:14)
  Harold (Orc:1)
  A deep elf high priest (Elf:3)
  10 hydras
  Josephine (Swamp:1)
  2 ice dragons
  5 centaur warriors
  A shambling mangrove (Swamp:2)
  16 alligators
  17 two-headed ogres
  28 dancing weapons
  A satyr (shapeshifter) (Elf:1)
  2 large abominations
  5 death yaks (Lair:5)
  7 orc high priests
  2 thrashing horrors (Swamp:4)
  2 spriggans (Swamp:3)
  20 deep elf knights
  3 skeletal warriors (D:15)
  A death drake (shapeshifter) (Elf:1)
  A wizard (D:15)
  13 swamp dragons
  An unseen horror (shapeshifter) (D:14)
  3 unseen horrors
  5 spriggan druids
  2 lindwurms (Lair:6)
  10 deep elf archers
  2 orc knights
  2 wolf spider zombies
  17 orb spiders
  50 deep elf magi
  17 wolf spiders
  5 oklob plants (Lair:4)
  2 shining eyes (Slime:1)
  2 orc sorcerers
  6 cyclopes
  2 manticores
  26 ugly things
  5 elephants (Lair:6)
  A moth of wrath (Spider:3)
  Maurice (D:9)
  An orange demon (Swamp:4)
  2 ice statues (IceCv)
  20 cane toads
  8 torpor snails
  8 komodo dragons
  5 rime drakes
  2 yaktaurs (Volcano)
  7 demonic crawlers
  5 trolls
  14 polar bears
  27 hornets
  A harpy zombie (D:15)
  Prince Ribbit (D:8)
  14 bog bodies
  27 jumping spiders
  18 blink frogs
  13 tyrant leeches
  49 slime creatures
  4 dream sheep (Lair:5)
  8 hippogriffs
  8 shadows
  38 tarantellas
  11 wraiths
  2 wyverns
  An air elemental (Elf:3)
  49 redbacks
  32 yaks
  A vampire (D:14)
  3 basilisks
  A water elemental (Elf:1)
  9 fire elementals
  A golden eye (shapeshifter) (Elf:1)
  6 hogs (Lair:4)
  Grum (D:8)
  27 vampire mosquitoes
  3 steam dragons (Lair:6)
  9 wargs
  Edmund (D:4)
  14 insubstantial wisps
  16 swamp worms
  An acid dragon (Lair:6)
  A soldier ant (D:14)
  12 water moccasins
  10 porcupines
  5 sky beasts
  10 swamp drakes
  12 ice beasts
  40 orc warriors
  A phantom (D:4)
  5 black bears
  A black bear (shapeshifter) (D:15)
  3 eyes of draining
  10 centaurs
  18 ogres
  22 wolves
  13 crocodiles
  2 big kobolds
  13 bullfrogs
  2 earth elementals
  A wyvern zombie (D:10)
  A wyvern skeleton (D:13)
  3 scorpions
  10 wights
  3 electric eels
  8 howler monkeys
  2 bullfrog zombies
  4 centaur zombies
  A quasit (D:11)
  6 hounds
  A jelly (D:11)
  49 orc priests
  A bullfrog skeleton (D:4)
  30 orc wizards
  3 centaur skeletons
  5 iguanas
  7 worker ants
  A small abomination (Swamp:4)
  A hound zombie (D:5)
  3 hound skeletons
  A worker ant zombie (D:11)
  13 adders
  6 gnolls
  2 howler monkey skeletons
  2 shadow imps
  4 white imps
  3 ufetubi
  An adder zombie (D:5)
  An adder skeleton (D:4)
  2 worms
  3 dart slugs
  3 leopard geckos
  147 orcs
  A ball python (D:3)
  7 bats
  3 giant cockroaches
  4 goblins
  15 hobgoblins
  20 jackals
  18 kobolds
  3 quokkas
  4 frilled lizards
  9 rats
1434 creatures vanquished.

Vanquished Creatures (collateral kills)
  An orb spider (Spider:4)
  A jumping spider (Spider:4)
  A redback (Spider:2)
  Sigmund (D:4)
  An orc wizard (D:4)
  2 gnolls (D:3)
  6 orcs
13 creatures vanquished.

Vanquished Creatures (others)
  A hornet (Spider:4)
  2 centaurs (Volcano)
  An orc priest (Elf:2)
  An orc (Elf:2)
  20 fungi
  78 plants
103 creatures vanquished.

Grand Total: 1550 creatures vanquished

Notes
Turn   | Place    | Note
-------+----------+-------------------------------------------
     0 | D:1      | Conn the Octopode Hedge Wizard began the quest for the Orb.
     0 | D:1      | Reached XP level 1. HP: 11/11 MP: 4/4
    68 | D:1      | Reached XP level 2. HP: 13/17 MP: 1/6
   115 | D:1      | Learned a level 2 spell: Blink
   118 | D:1      | Learned a level 2 spell: Call Imp
   121 | D:1      | Learned a level 2 spell: Slow
   851 | D:1      | Reached XP level 3. HP: 21/21 MP: 8/8
  1932 | D:2      | Reached XP level 4. HP: 24/27 MP: 9/9
  1970 | D:2      | Reached skill level 1 in Short Blades
  2290 | D:2      | Learned a level 3 spell: Conjure Flame
  3308 | D:3      | Reached skill level 1 in Fighting
  3308 | D:3      | Reached XP level 5. HP: 21/33 MP: 3/10
  3582 | D:3      | Found a broken altar of Ashenzari.
  4265 | D:4      | Noticed Edmund
  4313 | D:4      | Found a basalt altar of Yredelemnul.
  4320 | D:4      | Noticed a phantom
  4539 | D:4      | Reached skill level 4 in Spellcasting
  4539 | D:4      | Reached XP level 6. HP: 33/38 MP: 9/12
  4725 | D:4      | Noticed Sigmund
  4768 | D:4      | Killed Sigmund
  5105 | D:5      | Entered Level 5 of the Dungeon
  5234 | D:5      | Learned a level 3 spell: Mephitic Cloud
  5257 | D:5      | Reached XP level 7. HP: 25/43 MP: 7/13
  5618 | D:5      | Reached skill level 5 in Stealth
  5765 | D:4      | Found a staircase to the Ecumenical Temple.
  5790 | Temple   | Entered the Ecumenical Temple
  5875 | Temple   | Became a worshipper of Sif Muna the Loreminder
  5931 | D:4      | Killed Edmund
  6256 | D:5      | Reached skill level 1 in Maces & Flails
  6356 | D:5      | Reached skill level 5 in Spellcasting
  6356 | D:5      | Reached XP level 8. HP: 36/50 MP: 5/15
  6832 | D:5      | Found a shimmering blue altar of Sif Muna.
  6847 | D:5      | Identified Sif Muna's Tome of Transmutation
  6851 | D:5      | Learned a level 1 spell: Beastly Appendage
  7408 | D:6      | Found the +2 Maxwell's thermic engine {flame, freeze}
  7944 | D:6      | Found Konuceupn's Distillery.
  8043 | D:6      | Reached * piety under Sif Muna
  8052 | D:6      | Reached XP level 9. HP: 48/57 MP: 9/17
  8069 | D:6      | Reached skill level 1 in Fire Magic
  8357 | D:7      | Found a sacrificial altar of Ru.
  9226 | D:8      | Noticed Prince Ribbit
  9235 | D:8      | Killed Prince Ribbit
  9235 | D:8      | Reached skill level 5 in Short Blades
  9235 | D:8      | Reached skill level 6 in Spellcasting
  9235 | D:8      | Reached skill level 1 in Poison Magic
  9252 | D:8      | Noticed Grum
  9254 | D:8      | Reached skill level 1 in Air Magic
  9268 | D:8      | Reached ** piety under Sif Muna
  9578 | D:8      | Killed Grum
  9817 | D:8      | Noticed a two-headed ogre
  9845 | D:8      | Killed a two-headed ogre
  9845 | D:8      | Reached XP level 10. HP: 37/64 MP: 6/19
 10031 | D:8      | Found a white marble altar of Elyvilon.
 10488 | D:9      | Found a shadowy altar of Dithmenos.
 10670 | D:9      | Found a staircase to the Lair.
 10686 | D:9      | Reached skill level 10 in Stealth
 10686 | D:9      | Reached skill level 5 in Conjurations
 10838 | D:9      | Paralysed by a hornet for 1 turns
 11190 | D:9      | Noticed Maurice
 11206 | D:9      | Killed Maurice
 11414 | D:8      | Gained mutation: Your flesh is heat resistant. (rF+)
                  | [potion of mutation]
 11414 | D:8      | Gained mutation: You are dopey. (Int -2) [potion of
                  | mutation]
 11414 | D:8      | Gained mutation: You are partially covered in icy blue
                  | scales. (AC +2) [potion of mutation]
 11420 | D:9      | Found a shimmering altar of Xom.
 11698 | D:9      | Found a shimmering altar of Xom.
 11699 | D:9      | Found a shimmering altar of Xom.
 11699 | D:9      | Found a shimmering altar of Xom.
 11699 | D:9      | Found a shimmering altar of Xom.
 11701 | D:9      | Found a shimmering altar of Xom.
 11809 | D:9      | Reached *** piety under Sif Muna
 11809 | D:9      | Reached skill level 5 in Fighting
 12226 | D:9      | Found a glowing golden altar of the Shining One.
 12316 | D:9      | Reached skill level 7 in Spellcasting
 12316 | D:9      | Reached XP level 11. HP: 71/71 MP: 17/21
 12333 | D:9      | Reached skill level 1 in Invocations
 12341 | D:9      | Noticed Gastronok
 12863 | D:9      | Killed Gastronok
 13083 | D:9      | Found a staircase to the Orcish Mines.
 13098 | Orc:1    | Entered Level 1 of the Orcish Mines
 13361 | Orc:2    | Entered Level 2 of the Orcish Mines
 13383 | Orc:2    | Noticed a two-headed ogre
 13520 | Orc:2    | Noticed an orc high priest
 13641 | Orc:1    | Reached skill level 1 in Long Blades
 13710 | Orc:1    | Found Uwuer's Distillery.
 13722 | Orc:1    | Reached **** piety under Sif Muna
 13724 | Orc:1    | Noticed a two-headed ogre
 13731 | Orc:1    | Killed a two-headed ogre
 13731 | Orc:1    | Reached skill level 5 in Dodging
 13733 | Orc:1    | Noticed Harold
 13744 | Orc:1    | Noticed an orc sorcerer
 13749 | Orc:1    | Killed Harold
 13749 | Orc:1    | Killed an orc sorcerer
 13884 | Orc:1    | Bought 2 potions of heal wounds for 180 gold pieces
 14240 | Orc:2    | Killed an orc high priest
 14399 | Orc:1    | Killed a two-headed ogre
 14565 | Orc:2    | Noticed an orc high priest
 14692 | Orc:2    | Killed an orc high priest
 14692 | Orc:2    | Reached skill level 8 in Spellcasting
 14692 | Orc:2    | Reached XP level 12. HP: 78/78 MP: 20/24
 14694 | Orc:2    | Noticed an orc high priest
 14702 | Orc:2    | Killed an orc high priest
 14978 | Orc:2    | Found Lamaysol's Magic Scroll Boutique.
 15093 | Orc:2    | Noticed an orc high priest
 15338 | Orc:2    | Found Duwyivuss's Gadget Shoppe.
 15338 | Orc:2    | Found Wuclon's Antique Weapon Shop.
 15353 | Orc:2    | Bought a dazzling falchion for 192 gold pieces
 15353 | Orc:2    | Identified the +10 falchion of the Iron City of Dis
                  | {vorpal, MP+9 Str+4 Int+2 Dex+3} (You bought it in a shop
                  | on level 2 of the Orcish Mines)
 15356 | Orc:2    | Lost mutation: You are partially covered in icy blue
                  | scales. (AC +2) [potion of mutation]
 15356 | Orc:2    | Lost mutation: You are dopey. (Int -2) [potion of mutation]
 15356 | Orc:2    | Lost mutation: Your flesh is heat resistant. (rF+) [potion
                  | of mutation]
 15356 | Orc:2    | Gained mutation: You are dopey. (Int -2) [potion of
                  | mutation]
 15356 | Orc:2    | Gained mutation: You are somewhat resistant to further
                  | mutation. [potion of mutation]
 15356 | Orc:2    | Gained mutation: Your flesh is cold resistant. (rC+)
                  | [potion of mutation]
 15379 | Orc:2    | Found a roughly hewn altar of Beogh.
 15384 | Orc:2    | Noticed an orc high priest
 15387 | Orc:2    | Reached ***** piety under Sif Muna
 15390 | Orc:2    | Noticed a soul eater
 15395 | Orc:2    | Killed an orc high priest
 15656 | Orc:2    | Identified Sif Muna's Incunabulum of the Bruised Spines
                  | (Sif Muna gifted it to you on level 2 of the Orcish Mines)
 15656 | Orc:2    | Received a gift from Sif Muna
 15684 | Orc:2    | Learned a level 5 spell: Fireball
 15700 | Orc:2    | Reached skill level 5 in Invocations
 15896 | Orc:2    | Killed an orc high priest
 16240 | Orc:2    | Noticed an orc high priest
 16247 | Orc:2    | Killed an orc high priest
 16247 | Orc:2    | Reached skill level 5 in Long Blades
 16892 | Orc:2    | Found a staircase to the Elven Halls.
 16993 | Orc:2    | Found Jethocit's Distillery.
 16993 | Orc:2    | Found Qeinkeog's Distillery.
 17020 | Orc:2    | Bought 2 potions of heal wounds for 130 gold pieces
 17828 | D:10     | Entered Level 10 of the Dungeon
 17831 | D:10     | Got a crystal falchion
 17832 | D:10     | Identified the +10 falchion of Resumed Hostilities {flame,
                  | *Drain rPois MR++ Stlth+} (You found it on level 10 of the
                  | Dungeon)
 17937 | D:10     | Got a bloodstained whip
 17962 | D:10     | Learned a level 4 spell: Petrify
 18537 | D:10     | Found a hazy altar of Hepliaklqana.
 18601 | D:10     | Identified Sif Muna's Collected Works on the Traveller and
                  | Sinister Arts (Sif Muna gifted it to you on level 10 of the
                  | Dungeon)
 18601 | D:10     | Received a gift from Sif Muna
 19212 | D:11     | Reached skill level 1 in Earth Magic
 19333 | D:11     | Noticed a two-headed ogre
 19351 | D:11     | Killed a two-headed ogre
 19351 | D:11     | Reached skill level 1 in Transmutations
 20014 | D:11     | Reached skill level 5 in Poison Magic
 20259 | D:11     | Identified the cursed +1 whip "Nycukogi" {protect, +Blink
                  | MP+9 Stlth+} (You found it on level 10 of the Dungeon)
 20302 | Lair:1   | Entered Level 1 of the Lair of Beasts
 20366 | Lair:1   | Noticed an eight-headed hydra
 20370 | Lair:1   | Reached XP level 13. HP: 36/83 MP: 1/25
 20655 | Lair:1   | Learned a level 4 spell: Airstrike
 20928 | Lair:1   | Found a dark tunnel.
 20933 | Volcano  | Entered a volcano
 20952 | Volcano  | Found a bloodstained altar of Trog.
 20953 | Volcano  | Noticed a red draconian
 21006 | Volcano  | Killed a red draconian
 21006 | Volcano  | Reached skill level 9 in Spellcasting
 21350 | Volcano  | Identified 3 scrolls of acquirement
 21350 | Volcano  | Acquired the +3 buckler "Pinyopiu" {+Blink rC+++ rN+++
                  | Dex-2}
 21352 | Volcano  | Acquired the +2 hat of Purpose {MR+ Str+7 Int-3}
 21369 | Volcano  | Acquired 648 gold pieces
 22351 | Lair:2   | Reached skill level 1 in Evocations
 23082 | Lair:3   | Identified Sif Muna's Handbook of Earthen Unholy Magic (Sif
                  | Muna gifted it to you on level 3 of the Lair of Beasts)
 23082 | Lair:3   | Received a gift from Sif Muna
 23086 | Lair:3   | Found a hole to the Spider Nest.
 23132 | Lair:3   | Reached skill level 1 in Shields
 23583 | Lair:3   | Found a frozen archway.
 23595 | IceCv    | Entered an ice cave
 24230 | IceCv    | Noticed a frost giant
 24247 | IceCv    | Killed a frost giant
 24982 | Lair:3   | Reached XP level 14. HP: 62/90 MP: 25/27
 25419 | Lair:4   | Found a staircase to the Swamp.
 25840 | Lair:3   | Learned a level 2 spell: Swiftness
 26162 | Lair:4   | Noticed Kirke
 26179 | Lair:4   | Noticed a sphinx
 26420 | Lair:4   | Killed Kirke
 26420 | Lair:4   | Reached skill level 10 in Spellcasting
 26572 | Lair:4   | Found a transporter.
 26582 | Lair:4   | Found a transporter.
 26613 | Lair:4   | Found a one-way gate to the infinite horrors of the Abyss.
 26613 | Lair:4   | Noticed Jocoan's ghost (journeyman VSTm)
 27813 | Lair:4   | Identified Sif Muna's Collected Works on the Ensnaring
                  | Snowflakes (Sif Muna gifted it to you on level 4 of the
                  | Lair of Beasts)
 27813 | Lair:4   | Received a gift from Sif Muna
 28449 | Lair:5   | Noticed Rupert
 28476 | Lair:5   | Killed Rupert
 28903 | Lair:5   | Found a staircase to the Slime Pits.
 29136 | Lair:5   | Reached skill level 5 in Air Magic
 29494 | Lair:6   | Entered Level 6 of the Lair of Beasts
 30402 | Lair:6   | Found a runed translucent door.
 30443 | Lair:6   | Reached skill level 5 in Evocations
 30493 | Lair:6   | Reached skill level 11 in Spellcasting
 30493 | Lair:6   | Reached XP level 15. HP: 75/97 MP: 2/30
 31439 | Lair:6   | Identified Sif Muna's Grimoire of Necromancy and Summoning
                  | (Sif Muna gifted it to you on level 6 of the Lair of
                  | Beasts)
 31439 | Lair:6   | Received a gift from Sif Muna
 32397 | D:12     | Reached skill level 5 in Shields
 32576 | D:12     | Acquired the ring of Midnight {rF+ rC+ rN+ MR-}
 34752 | D:14     | Reached skill level 5 in Fire Magic
 34752 | D:14     | Identified Sif Muna's Guide on Unholy Translocation (Sif
                  | Muna gifted it to you on level 14 of the Dungeon)
 34752 | D:14     | Received a gift from Sif Muna
 34760 | D:14     | Learned a level 4 spell: Iskenderun's Mystic Blast
 35739 | D:14     | Found a gate to the Vaults.
 36058 | D:14     | Identified the cursed +3 great mace "Dragon's Tongue"
                  | {flame, rF+ Str+2}
 36058 | D:14     | Noticed a fire giant
 36060 | D:14     | Found a transporter.
 36245 | D:14     | Noticed Casep's ghost (adept KoGl)
 36255 | D:14     | Found a transporter.
 36407 | D:14     | Killed Casep's ghost
 36420 | D:14     | Killed a fire giant
 36747 | D:15     | Entered Level 15 of the Dungeon
 36760 | D:14     | Reached XP level 16. HP: 103/103 MP: 28/31
 36761 | D:14     | Reached skill level 12 in Spellcasting
 37247 | D:15     | Found Bont's Antique Weapon Boutique.
 37252 | D:15     | Bought a masterwork mace for 208 gold pieces
 37252 | D:15     | Bought a dazzling falchion for 208 gold pieces
 37254 | D:15     | Identified the +4 mace of Disgust {vorpal, +Blink} (You
                  | bought it in a shop on level 15 of the Dungeon)
 37257 | D:15     | Identified the cursed +0 falchion "Dragon's Tongue" {drain,
                  | +Rage rPois MP+9 Int+3} (You bought it in a shop on level
                  | 15 of the Dungeon)
 37363 | D:15     | Found a staircase to the Depths.
 37368 | D:15     | Reached skill level 10 in Conjurations
 38167 | D:15     | Reached skill level 5 in Earth Magic
 38912 | D:15     | Identified Sif Muna's Almanac of Stones (Sif Muna gifted it
                  | to you on level 15 of the Dungeon)
 38912 | D:15     | Received a gift from Sif Muna
 38927 | D:15     | Learned a level 5 spell: Bolt of Magma
 39239 | Spider:1 | Entered Level 1 of the Spider Nest
 40532 | Spider:2 | Noticed Arachne
 40619 | Spider:2 | Noticed Donald
 40629 | Spider:2 | Killed Arachne
 40904 | Spider:2 | Noticed Agnes
 40914 | Spider:1 | Killed Donald
 40914 | Spider:1 | Reached skill level 13 in Spellcasting
 41096 | Spider:2 | Killed Agnes
 41827 | Spider:2 | Identified Sif Muna's Incunabulum of Damaging Envenoming
                  | (Sif Muna gifted it to you on level 2 of the Spider Nest)
 41827 | Spider:2 | Received a gift from Sif Muna
 42217 | Spider:2 | Noticed Azrael
 42225 | Spider:2 | Killed Azrael
 42631 | Spider:3 | Reached XP level 17. HP: 109/109 MP: 31/34
 43275 | Spider:3 | Got a heavily runed marble ring
 43277 | Spider:3 | Identified the ring "Parih" {rPois rCorr} (You found it on
                  | level 3 of the Spider Nest)
 44375 | Spider:4 | Entered Level 4 of the Spider Nest
 45325 | Spider:4 | HP: 4/109 [something (15)]
 45711 | Spider:4 | Received a gift from Sif Muna
 45714 | Spider:4 | Reached skill level 14 in Spellcasting
 46308 | Spider:3 | Learned a level 6 spell: Dispersal
 46354 | Spider:3 | Learned a level 5 spell: Iskenderun's Battlesphere
 47412 | Elf:1    | Entered Level 1 of the Elven Halls
 47801 | Elf:1    | Found a portal to a secret trove of treasure.
 48181 | Elf:1    | Reached XP level 18. HP: 40/116 MP: 22/36
 49035 | Elf:2    | Received a gift from Sif Muna
 49246 | Elf:2    | Found a runed translucent gate.
 49248 | Elf:2    | Found a runed translucent gate.
 49291 | Elf:2    | Found a runed translucent gate.
 49311 | Elf:2    | Reached skill level 15 in Spellcasting
 49429 | Elf:2    | Found an ancient bone altar of Kikubaaqudgha.
 50704 | Elf:2    | Reached skill level 16 in Spellcasting
 51004 | Elf:3    | Entered Level 3 of the Elven Halls
 51316 | Elf:3    | Found a runed translucent door.
 51319 | Elf:3    | Noticed rtg's ghost (adept MiFi)
 51795 | Elf:3    | Killed rtg's ghost
 52001 | Elf:3    | Got an ancient ivory ring
 52003 | Elf:3    | Identified the ring "Rieddoch" {rN++ SInv} (You found it on
                  | level 3 of the Elven Halls)
 52118 | Elf:3    | Noticed a deep elf blademaster
 52120 | Elf:3    | Noticed a deep elf master archer
 52120 | Elf:3    | Noticed a deep elf master archer
 52131 | Elf:3    | Killed a deep elf master archer
 52134 | Elf:3    | Killed a deep elf master archer
 52143 | Elf:3    | Killed a deep elf blademaster
 52165 | Elf:3    | Noticed a deep elf blademaster
 52194 | Elf:3    | Killed a deep elf blademaster
 52194 | Elf:3    | Reached skill level 5 in Translocations
 52441 | Elf:3    | Identified the +2 quarterstaff of Saltpetre {vorpal, rN+}
 52543 | Elf:3    | Learned a level 5 spell: Lee's Rapid Deconstruction
 52554 | Elf:3    | Noticed a deep elf master archer
 52557 | Elf:3    | Killed a deep elf master archer
 52557 | Elf:3    | Reached XP level 19. HP: 121/121 MP: 39/39
 52778 | Elf:3    | Identified the ring "Kosary Xura" {rPois rF+ rC- MR- Str+9}
 53003 | Elf:3    | Identified Sif Muna's Grimoire of Dark Rituals and Earth
                  | (Sif Muna gifted it to you on level 3 of the Elven Halls)
 53003 | Elf:3    | Received a gift from Sif Muna
 53343 | Elf:3    | Reached skill level 17 in Spellcasting
 53647 | Elf:3    | Identified the +3 leather armour of a ziggurat {Rampage
                  | *Slow +Fly Str+4}
 53648 | Elf:3    | Identified the amulet of Fedhas's Supremacy {Reflect +Inv
                  | rPois rF- Str-4 SH+5}
 53670 | Elf:3    | Identified the +2 broad axe "Volaed" {antimagic, rF- rN++}
 53876 | Elf:3    | Got an ichor-stained dagger
 53877 | Elf:3    | Identified the +7 dagger "Sisesm" {antimagic, *Slow rPois
                  | rF+ rN+++} (You found it on level 3 of the Elven Halls)
 53953 | Elf:3    | Learned a level 3 spell: Ozocubu's Armour
 54334 | Swamp:1  | Entered Level 1 of the Swamp
 54981 | Swamp:1  | Noticed Josephine
 54985 | Swamp:1  | Killed Josephine
 55530 | Swamp:1  | Acquired 981 gold pieces
 56190 | Swamp:1  | Identified the cursed +1 halberd of Askim {venom, Int+6}
                  | (You found it on level 1 of the Swamp)
 57202 | Swamp:2  | Reached skill level 10 in Fire Magic
 57323 | Swamp:2  | Identified Rifeis's Compendium of Attacks (Sif Muna gifted
                  | it to you on level 2 of the Swamp)
 57323 | Swamp:2  | Received a gift from Sif Muna
 57335 | Swamp:2  | Learned a level 7 spell: Orb of Destruction
 58875 | Swamp:3  | Noticed Mara
 58875 | Swamp:3  | Noticed a tentacled monstrosity
 58882 | Swamp:3  | Killed a tentacled monstrosity
 58884 | Swamp:3  | Killed Mara
 58884 | Swamp:3  | Reached XP level 20. HP: 99/126 MP: 0/41
 60018 | Swamp:4  | Entered Level 4 of the Swamp
 60938 | Swamp:4  | Identified Sif Muna's Tome of Ensnaring Confrontation (Sif
                  | Muna gifted it to you on level 4 of the Swamp)
 60938 | Swamp:4  | Received a gift from Sif Muna
 61491 | Swamp:4  | Reached skill level 18 in Spellcasting
 62082 | Swamp:4  | Reached skill level 10 in Long Blades
 62824 | Swamp:4  | Got a decaying rune of Zot
 64326 | Spider:4 | Got a gossamer rune of Zot
 64584 | Slime:1  | Entered Level 1 of the Pits of Slime
 64627 | Slime:1  | HP: 3/128 [acid (5)]
 64633 | Slime:1  | Gained mutation: You occasionally shout uncontrollably at
                  | your foes. [a shining eye]
 65497 | Slime:1  | Identified Sif Muna's Guide on Unstable Translocation (Sif
                  | Muna gifted it to you on level 1 of the Pits of Slime)
 65497 | Slime:1  | Received a gift from Sif Muna
 65600 | Slime:2  | Mangled by a large slime creature

Illustrated notes

Levels and vault maps discovered:
D:1:      evilmike_arrival_plus, layout_basic
D:2:      layout_basic, kennysheep_nub
D:3:      layout_basic, nicolae_ashenzari_panopticon
D:4:      layout_cave_pools, old_standard_altar, minmay_temple_entry_water_ring,
          kennysheep_boxes, uniq_edmund, uniq_sigmund
D:5:      lemuel_upstairs_altar, layout_basic, led_sif_book
D:6:      layout_cave_pools, serial_shops, shop
D:7:      layout_gridville, overflow_temple_1_default, sigmund_army
D:8:      layout_loops_cross, marbit_many_paths, grunt_ministairs_14,
          uniq_prince_ribbit1, uniq_grum
D:9:      layout_loops_ring, grunt_dithmenos_smoke,
          nicolae_overflow_hidden_temple, lemuel_doored_altar,
          minmay_lair_entry_grove, david_orc_4, xom_redecorated, uniq_gastronok,
          uniq_maurice
D:10:     layout_layer_cave, basic_altar, lemuel_old_faithful
D:11:     layout_basic
D:12:     layout_roguey
D:13:     layout_long_grid, special_room [special_room_orc]
D:14:     layout_roguey [special_room_orc], skrybe_vaults_entry_preservation,
          kennysheep_path_1, gammafunk_ghost_smash
D:15:     grunt_enter_depths_hoard, layout_stronghold, serial_shops, shop
Temple:   regret_index_temple_waves
Lair:1:   layout_long_grid, enter_volcano_4, chequers_serial_rivers_small_3
Lair:2:   layout_chaotic_city, grunt_megastairs_5, infiniplex_staircase_pool_2
Lair:3:   layout_hall_layers, dummy_spider_entry,
          portal_ice_cave_entry_ice_beasts, beast_lair_carwin_10
Lair:4:   dpeg_oklob_gauntlet, layout_regular_city, skrybe_swamp_entry_bodies,
          gammafunk_ghost_abyssal_escape, serial_bayou_shore_a,
          serial_bayou_shore_b, uniq_kirke
Lair:5:   layout_regular_city, slime_dummy, uniq_rupert
Lair:6:   guppyfry_lair_end_dragon, layout_hall_layers, wormcave
Swamp:1:  layout_falls_marsh, evilmike_swamp_ruin_wall, swamp_pool5,
          uniq_josephine
Swamp:2:  layout_basic_swamp, hangedman_swamp_blocks
Swamp:3:  layout_basic_swamp, evilmike_swamp_ruin_house_2, swamp_pool2,
          uniq_mara
Swamp:4:  swamp_vile, layout_basic_swamp
Spider:1: layout_spider_delve, drop_trap
Spider:2: layout_spider_delve, nicolae_crawler_farm, nicolae_spider_cling_ruins,
          uniq_arachne, uniq_donald, uniq_azrael, uniq_agnes
Spider:3: layout_chambers, drop_trap, spiders_nest_hornet_nest
Spider:4: johnstein_spider_rune_arachne_lair, drop_trap, nicolae_spider_nook
Slime:1:  layout_caves
Slime:2:  layout_caves
Orc:1:    layout_diamond_mine, serial_shops, nicolae_shop_waterfront,
          uniq_harold
Orc:2:    st_orc_town, layout_caves, serial_shops, nicolae_shop_window_shopping,
          nicolae_orc_bridge_out, nooodl_orcs_dogs
Elf:1:    minmay_elf_arrival_summoners, layout_loops_cross,
          nicolae_trove_entry_free_sample, minivault_28, dk_noncrumbling_2
Elf:2:    layout_geoelf_octagon, basic_altar, palyth_stone_intersect
Elf:3:    minmay_elf_hall, layout_loops_cross, ebering_ghost_reflecting_pool,
          serial_sigils_hangedman_gut

Skill      XL: |  1  2  3  4  5  6  7  8  9 10 11 12 13 14 15 16 17 18 19 20 |
---------------+-------------------------------------------------------------+-----
Stealth        | 3 4 5 7 9 10 11 12 | 12.1
Short Blades   | 1 2 3 4 6 7 8 |  8.2
Fighting       | 1 2 3 4 5 6 7 8 |  8.4
Spellcasting   | 4 5 6 7 8 9 11 13 14 16 17 18 | 18.3
Dodging        | 3 4 5 6 7 8 |  8.3
Conjurations   | 2 3 4 5 6 7 8 9 11 12 13 14 | 14.5
Summonings     | 2 |  2.7
Maces & Flails | 1 |  1.1
Fire Magic     | 1 3 5 7 8 9 10 | 10.9
Poison Magic   | 2 3 4 5 |  5.6
Air Magic      | 2 3 4 5 6 |  6.4
Translocations | 2 3 4 5 6 7 |  7.9
Invocations    | 4 5 |  5.2
Long Blades    | 3 6 7 8 9 10 | 10.0
Earth Magic    | 1 4 5 |  5.9
Transmutations | 1 2 |  2.6
Evocations     | 3 5 6 |  6.7
Shields        | 2 4 6 7 8 9 |  9.1
Polearms       | |  0.1
Throwing       | |  0.7

Action                   |  1- 3 |  4- 6 |  7- 9 | 10-12 | 13-15 | 16-18 | 19-21 || total
-------------------------+-------+-------+-------+-------+-------+-------+-------++-------
Melee: Dagger            |    18 |       |       |       |       |       |       ||    18
       Constrict         |    25 |    26 |    37 |   104 |    92 |    91 |    31 ||   406
       Tentacles         |    13 |    18 |    33 |   112 |   243 |   104 |    54 ||   577
       Short sword       |    77 |    88 |   219 |   134 |   169 |   152 |     8 ||   847
       Mace              |       |    18 |       |       |       |       |       ||    18
       Double sword      |       |       |       |   123 |       |       |       ||   123
       Scythe            |       |       |       |     5 |       |       |       ||     5
       Kick              |       |       |       |     3 |     7 |       |       ||    10
       Falchion          |       |       |       |   300 |   632 |   242 |   155 ||  1329
Throw: Dart              |       |     3 |       |     4 |       |       |       ||     7
       Boomerang         |       |     1 |       |       |     1 |       |       ||     2
       Throwing net      |       |       |       |       |     1 |     1 |       ||     2
 Cast: Magic Dart        |    35 |    36 |    39 |    89 |    61 |    57 |    33 ||   350
       Call Imp          |       |    16 |     7 |     1 |     3 |       |       ||    27
       Conjure Flame     |       |     1 |       |     1 |     1 |       |       ||     3
       Slow              |       |     1 |       |       |       |       |       ||     1
       Blink             |       |     1 |     1 |    13 |    32 |    20 |    10 ||    77
       Mephitic Cloud    |       |       |    14 |   100 |   119 |   111 |    26 ||   370
       Beastly Appendage |       |       |       |     1 |     1 |       |       ||     2
       Fireball          |       |       |       |       |    63 |   133 |   250 ||   446
       Petrify           |       |       |       |       |    25 |    22 |     3 ||    50
       Airstrike         |       |       |       |       |    63 |   126 |    37 ||   226
       Swiftness         |       |       |       |       |     2 |     1 |     6 ||     9
       Iskenderun's Myst |       |       |       |       |    12 |   107 |    66 ||   185
       Bolt of Magma     |       |       |       |       |       |    25 |    24 ||    49
       Iskenderun's Batt |       |       |       |       |       |     2 |     1 ||     3
       Orb of Destructio |       |       |       |       |       |       |    66 ||    66
       Lee's Rapid Decon |       |       |       |       |       |       |     5 ||     5
       Ozocubu's Armour  |       |       |       |       |       |       |     4 ||     4
       Dispersal         |       |       |       |       |       |       |     1 ||     1
Invok: Channel Magic     |       |       |       |       |     4 |    11 |     4 ||    19
 Abil: Evoke Blink       |       |       |       |       |       |     2 |       ||     2
Evoke: Wand              |       |       |       |     1 |    15 |    13 |     3 ||    32
       Box of beasts     |       |       |       |       |     1 |     3 |       ||     4
  Use: Scroll            |       |       |     1 |    10 |    15 |    18 |    17 ||    61
       Potion            |       |       |     1 |    12 |    11 |    11 |    13 ||    48
 Stab: Sleeping          |     7 |     9 |    10 |    19 |    22 |    25 |     3 ||    95
       Distracted        |       |       |     1 |    10 |     2 |     3 |     1 ||    17
       Confused          |       |       |     9 |    35 |    65 |    29 |     7 ||   145
       Invisible         |       |       |     1 |       |     4 |       |       ||     5
       Petrified         |       |       |       |       |    40 |    27 |     1 ||    68
       Petrifying        |       |       |       |       |     3 |       |     2 ||     5
       Paralysed         |       |       |       |       |       |     3 |       ||     3
Armor: Skin              |    14 |    11 |    19 |    60 |    43 |    16 |    10 ||   173
Dodge: Dodged            |    80 |   100 |   110 |   359 |   447 |   226 |   122 ||  1444
Block: Buckler           |       |       |       |       |   177 |   230 |    95 ||   502
       Reflection        |       |       |       |       |       |    17 |     5 ||    22
       Rpst.: Double sword |       |       |       |    28 |       |       |       ||    28
       Falchion          |       |       |       |    55 |    99 |    23 |    12 ||   189

Table legend: (Time is in decaauts)
 A = Elapsed time spent in this place.
 B = Non-inter-level travel time spent in this place.
 C = Inter-level travel time spent in this place.
 D = Time resting spent in this place.
 E = Time spent auto-exploring this place.
 F = Levels seen in this place.
 G = Mean time per level.
                   A        B        C        D        E       F      G
               +--------+--------+--------+--------+--------+-----+--------+
         Total |  65302 |  63472 |   1830 |  24811 |  23350 |  39 | 1674.4 |
       Dungeon |  23024 |  22374 |    650 |   6355 |  10789 |  15 | 1534.9 |
        Temple |    104 |     88 |     16 |      0 |     57 |   1 |  104.0 |
          Lair |  10658 |  10224 |    434 |   3569 |   3922 |   6 | 1776.3 |
         Swamp |   8252 |   8080 |    172 |   3610 |   2954 |   4 | 2063.0 |
   Spider Nest |   9344 |   9035 |    309 |   4878 |   2391 |   4 | 2336.0 |
    Slime Pits |    996 |    996 |      0 |    830 |      0 |   2 |  498.0 |
  Orcish Mines |   4532 |   4375 |    157 |   1770 |   1189 |   2 | 2266.0 |
   Elven Halls |   6690 |   6600 |     90 |   3028 |   1834 |   3 | 2230.0 |
      Ice Cave |   1161 |   1161 |      0 |    502 |    165 |   1 | 1161.0 |
       Volcano |    536 |    536 |      0 |    269 |     49 |   1 |  536.0 |
               +--------+--------+--------+--------+--------+-----+--------+

Top non-repeatable levels by time:
Spider:3: 3832 daAuts
  Lair:4: 3216 daAuts
 Swamp:4: 2964 daAuts
   Orc:2: 2858 daAuts
   Elf:3: 2692 daAuts
   Elf:2: 2389 daAuts
    D:14: 2274 daAuts
  Lair:6: 2270 daAuts
    D:15: 2228 daAuts
 Swamp:1: 2204 daAuts
     D:9: 2114 daAuts
     D:8: 2087 daAuts
Spider:4: 1931 daAuts
 Swamp:2: 1914 daAuts
     D:5: 1809 daAuts
